 Dungeon Crawl Stone Soup version 0.18-a0-1202-g796ae12 (webtiles) character file.

413 M4edhros the Sneak (level 6, 0/38 HPs)
             Began as an Octopode Artificer on Jan 31, 2016.
             Succumbed to a worker ant's poison
             ... on level 4 of the Dungeon.
             The game lasted 00:04:04 (2329 turns).

M4edhros the Sneak (Octopode Artificer)             Turns: 2329, Time: 00:04:04

Health: 0/38       AC:  3    Str: 10    XL:     6   Next: 91%
Magic:  8/8        EV: 13    Int: 17    God:
Gold:   68         SH:  0    Dex: 10    Spells: 0 memorised, 5 levels left

rFire  . . .     SeeInvis .     p - +2 short sword (venom)
rCold  . . .     Gourm    .     (no shield)
rNeg   . . .     Faith    .     (helmet restricted)
rPois  .         Spirit   .     (no amulet)
rElec  .         Dismiss  .     i - ring of loudness
rCorr  .         Reflect  .     (no ring)
SustAt .         Harm     .     (no ring)
MR     .....                    (no ring)
Stlth  +++.......               (no ring)
                                (no ring)
                                (no ring)
                                (no ring)

@: lethally poisoned (0 -> -1), not resistant to hostile enchantments, fairly
stealthy
A: almost no armour, amphibious, 8 rings, constrict 8, yellow scales 1,
camouflage 1, clumsy 1, low mp 1, gelatinous body 1
a: no special abilities


You were on level 4 of the Dungeon.
You were not hungry.

You visited 1 branch of the dungeon, and saw 4 of its levels.

You collected 68 gold pieces.

Inventory:

Hand Weapons
 g - a +0 rapier
 l - a +0 greatsling
 p - a +2 short sword of venom (weapon)
Missiles
 h - 20 stones (quivered)
Jewellery
 i - a ring of loudness (left tentacle)
Wands
 b - a wand of flame (12/48)
 c - a wand of enslavement (0/24)
 d - a wand of random effects (6/48)
Potions
 e - 2 potions of cure mutation
Comestibles
 f - 2 bread rations
 k - a meat ration
 o - 5 fruits


   Skills:
 - Level 1.0 Fighting
 - Level 1.0 Short Blades
 * Level 1.7 Slings
 * Level 4.7 Dodging
 * Level 5.6 Stealth
 + Level 4.5 Evocations


You had 5 spell levels left.
You didn't know any spells.

Dungeon Overview and Level Annotations

Branches:
Dungeon (4/15)
 Temple: D:4-7

Altars:
Gozag
Nemelex Xobeh
Ru
Yredelemnul


Innate Abilities, Weirdness & Mutations

You cannot wear most types of armour.
You are amphibious.
You can wear up to eight rings at the same time.
You can use your tentacles to constrict eight enemies at once.
Your skin changes colour to match your surroundings (Stealth).
Your rubbery body absorbs attacks (AC +1).
You are partially covered in yellow scales (AC +2).
You are clumsy. (Dex -2)
Your magical capacity is low (-10% MP).


Message History

* * * LOW HITPOINT WARNING * * *
You feel sick.
* * * LOW HITPOINT WARNING * * *
You feel sick.
Your surroundings suddenly seem different.
* * * LOW HITPOINT WARNING * * *
You feel sick.
* * * LOW HITPOINT WARNING * * *
You feel sick.
* * * LOW HITPOINT WARNING * * *
You feel sick.
* * * LOW HITPOINT WARNING * * *
You feel sick.
* * * LOW HITPOINT WARNING * * *
You feel sick.
* * * LOW HITPOINT WARNING * * *
You feel sick.
* * * LOW HITPOINT WARNING * * *
You feel sick.
You die...

#.# #.#.#.# ##.
#.### #.#.#.# #.
#...# #.#.#.# #.
###.# #.#.#.# #.
#.######.#.#.#
#)
#........#.#.#
#.
#..........#.#
##
####.#########.#
#....# #@#
#.#### #.#
#.############.#
#..............#
################


There were no monsters in sight!

Vanquished Creatures
  2 orc priests (D:4)
  A scorpion (D:4)
  A crimson imp (D:4)
  A hound (D:4)
  An iguana (D:4)
  An orc wizard (D:4)
  3 worker ants (D:4)
  3 adders
  A worm (D:4)
  4 orcs (D:4)
  A bat (D:1)
  2 giant cockroaches
  2 quokkas (D:4)
  2 ball pythons
  A giant newt (D:4)
  A kobold (D:1)
  A quokka skeleton (D:4)
28 creatures vanquished.

Vanquished Creatures (collateral kills)
  An orc priest (D:4)
  An orc wizard (D:4)
  An adder (D:4)
  4 orcs
  A bat (D:3)
8 creatures vanquished.

Vanquished Creatures (others)
  A worker ant (D:4)
1 creature vanquished.

Grand Total: 37 creatures vanquished

Notes
Turn   | Place    | Note
--------------------------------------------------------------
     0 | D:1      | M4edhros the Octopode Artificer began the quest for the Orb.
     0 | D:1      | Reached XP level 1. HP: 13/13 MP: 3/3
   152 | D:1      | You fall through a shaft!
   155 | D:2      | Reached XP level 2. HP: 18/18 MP: 4/4
   446 | D:4      | Found a sacrificial altar of Ru.
   446 | D:4      | Noticed a crimson imp
   461 | D:4      | Killed a crimson imp
   461 | D:4      | Reached XP level 3. HP: 19/23 MP: 5/5
   595 | D:4      | Reached XP level 4. HP: 28/28 MP: 6/6
   611 | D:4      | Found a sparkling altar of Nemelex Xobeh.
   929 | D:4      | Reached skill level 4 in Stealth
   945 | D:4      | Found an opulent altar of Gozag.
   945 | D:4      | Found a sparkling altar of Nemelex Xobeh.
   948 | D:4      | Reached XP level 5. HP: 10/33 MP: 7/7
  1123 | D:4      | Noticed a phantom
  1202 | D:4      | Found a basalt altar of Yredelemnul.
  1298 | D:4      | Reached skill level 5 in Stealth
  1298 | D:4      | Reached XP level 6. HP: 38/38 MP: 9/9
  1703 | D:4      | Reached skill level 1 in Slings
  2302 | D:4      | Gained mutation: Your magical capacity is low (-10% MP). [potion of mutation]
  2302 | D:4      | Gained mutation: You are clumsy. (Dex -2) [potion of mutation]
  2302 | D:4      | Gained mutation: You are partially covered in yellow scales (AC +2). [potion of mutation]
  2321 | D:4      | HP: 1/38 [poisoned by a worker ant]
  2329 | D:4      | Succumbed to a worker ant's poison

Vault maps used:
D:1:      minmay_arrival_four_loops, serial_forest,
          infiniplex_forest_straight_4, infiniplex_forest_clump_medium,
          infiniplex_forest_clump_long, infiniplex_forest_clump_diagonal,
          infiniplex_forest_clump_small, infiniplex_forest_lined_room_2
D:2:      grunt_ministairs_9, uniq_terence, uniq_iyjb
D:3:      vehumet_crystals, first_bread
D:4:      lemuel_upstairs_altar, grunt_temple_overflow_opulence,
          overflow_temple_1_default, lemuel_crystal_altar,
          nemelex_diamond_rough_becter

Action                   |  1- 3 |  4- 6 || total
-------------------------+-------+-------++-------
Melee: Short sword       |     8 |     6 ||    14
       Rapier            |    19 |    29 ||    48
Evoke: Wand              |     4 |    23 ||    27
  Use: Scroll            |     1 |     2 ||     3
       Potion            |       |     1 ||     1
 Stab: Sleeping          |     5 |     2 ||     7
  Eat: Chunk             |       |     3 ||     3
       Pizza             |       |     1 ||     1
